 Dungeon Crawl Stone Soup version 0.25.1-2-g60ff931df9 (webtiles) character file.

Game seed: 6768646937675678091

139 Antenora the Skirmisher (level 5, 0/43 HPs)
             Began as a Demonspawn Chaos Knight on Nov 5, 2020.
             Was a Plaything of Xom.
             Slain by an orc warrior
             ... wielding a +0 glaive
              (9 damage)
             ... on level 4 of the Dungeon.
             The game lasted 00:19:03 (2155 turns).

Antenora the Skirmisher (Demonspawn Chaos Knight)   Turns: 2155, Time: 00:19:04

Health: 0/43       AC:  7    Str: 13    XL:     5   Next: 1%
Magic:  5/5        EV: 12    Int: 11    God:    Xom [.*....]
Gold:   181        SH:  0    Dex: 15    Spells: 4/4 levels left

rFire    . . .     SeeInvis +   e - +2 halberd (chaos)
rCold    . . .     Gourm    .   (shield currently unavailable)
rNeg     . . .     Faith    .   b - +3 leather armour
rPois    +         Spirit   .   (helmet restricted)
rElec    +         Reflect  .   (no cloak)
rCorr    .         Harm     .   (no gloves)
MR       .....                  (no boots)
Stlth    +.........             (no amulet)
HPRegen  0.14/turn              (no ring)
MPRegen  0.09/turn              (no ring)

@: no status effects
A: antennae 1, claws 1, talons 1, rugged brown scales 1, see invisible, agile 1,
dopey 1, high mp 1, poison resistance, electricity resistance
a: Renounce Religion


You were on level 4 of the Dungeon.
You worshipped Xom.
You were a plaything of Xom.
You were very full.

You visited 1 branch of the dungeon, and saw 4 of its levels.

You collected 181 gold pieces.

Inventory:

Hand Weapons
 a - a +0 falchion of chaos
 e - a +2 halberd of chaos (weapon)
Armour
 b - a +3 leather armour (worn)
Scrolls
 d - 4 scrolls of remove curse
 g - a scroll of identify
 j - a scroll of enchant armour
Potions
 h - a potion of stabbing
Comestibles
 c - 8 rations


   Skills:
 + Level 4.0 Fighting
 - Level 3.8 Long Blades
 + Level 0.3 Polearms
 + Level 2.5 Armour
 + Level 1.5 Dodging


You had 4 spell levels left.
You didn't know any spells.
Your spell library was empty.

Dungeon Overview and Level Annotations

Branches:
Dungeon (4/15)
 Temple: D:4-7

Altars:
Kikubaaqudgha
Ru
Uskayaw
Xom

Shops:
D:4 !


Innate Abilities, Weirdness & Mutations

You have sharp fingernails.
You are partially covered in rugged brown scales. (AC +1, +3% HP)
You have a pair of small antennae on your head.
You have sharp toenails.
You have supernaturally acute eyesight. (SInv)
You are agile. (Dex +2)
You are dopey. (Int -2)
You have an increased reservoir of magic. (+10% MP)
Your system is resistant to poisons. (rPois)
You are resistant to electric shocks. (rElec)


Message History

The orc priest casts a cantrip, but nothing happens.
You are now a plaything of Xom.
The orc priest mumbles some strange prayers to Beogh against you.
Beogh smites you!
You die... "Oh, no, you don't!"
Xom revives you! The orc warrior barely misses you.
Press: ? - help, . - travel You can't see that place. [a rock wall.]
The orc warrior completely misses you.
Attack whom?
Press: ? - help, Dir - move target cursor, f - orc warrior
Aim: an orc warrior, wielding a +0 glaive and wearing a +0 plate armour (unusually resistant)
You reach to attack!
You closely miss the orc warrior.
Xom makes a sudden noise!
You hear a twanging sound.
The orc warrior hits you from afar with a +0 glaive!
You die...
Xom giggles madly!

## ###
#.####.#
##.ao.o.#
#...###.#
###...###@##
#..........#
#.###.###..#
#..........#
##..#.####.#
#..#.####.#
#. #....#..
#. #....#..
.
#.####.####


You could see an orc warrior (resistant).

Vanquished Creatures
  An orc wizard (D:4)
  4 adders
  2 oozes
  5 dart slugs
  2 leopard geckos
  2 orcs
  2 bats (D:2)
  2 bat skeletons (D:3)
  4 bat zombies (D:3)
  2 giant cockroaches
  5 goblins
  6 hobgoblins
  4 jackals (D:3)
  6 kobolds
  A frilled lizard (D:1)
  4 rats
52 creatures vanquished.

Vanquished Creatures (others)
  An orc wizard (D:4)
1 creature vanquished.

Grand Total: 53 creatures vanquished

Notes
Turn   | Place    | Note
-------+----------+-------------------------------------------
     0 | D:1      | Antenora the Demonspawn Chaos Knight began the quest for
                  | the Orb.
     0 | D:1      | Reached XP level 1. HP: 18/18 MP: 1/1
    86 | D:1      | XOM: silly message
   141 | D:1      | Gained mutation: You have sharp fingernails. [demonic
                  | ancestry]
   141 | D:1      | Reached XP level 2. HP: 24/24 MP: 2/2
   298 | D:1      | XOM: silly message
   711 | D:1      | Reached XP level 3. HP: 24/29 MP: 3/3
   890 | D:2      | Reached skill level 1 in Dodging
   915 | D:2      | XOM: cloud trail
   958 | D:2      | XOM: enchant monster (bad)
   968 | D:2      | Found a hide-covered altar of Uskayaw.
   977 | D:2      | Noticed a +0 hand axe
   977 | D:2      | Noticed a +0 hand axe
  1009 | D:2      | Gained mutation: You are partially covered in rugged brown
                  | scales. (AC +1, +3% HP) [demonic ancestry]
  1009 | D:2      | Reached XP level 4. HP: 13/38 MP: 4/4
  1009 | D:2      | XOM: divination: magic mapping
  1105 | D:2      | XOM: god gift: ration
  1334 | D:3      | XOM: noise
  1337 | D:3      | XOM: give mutations
  1337 | D:3      | Gained mutation: You are agile. (Dex +2) [Xom's grace]
  1337 | D:3      | Gained mutation: You have a pair of small antennae on your
                  | head. [Xom's grace]
  1337 | D:3      | Gained mutation: Your system is resistant to poisons.
                  | (rPois) [Xom's grace]
  1387 | D:3      | Found an ancient bone altar of Kikubaaqudgha.
  1547 | D:3      | XOM: give mutations
  1547 | D:3      | Gained mutation: You have supernaturally acute eyesight.
                  | (SInv) [Xom's grace]
  1547 | D:3      | Gained mutation: You have sharp toenails. [Xom's grace]
  1547 | D:3      | Gained mutation: You have an increased reservoir of magic.
                  | (+10% MP) [Xom's grace]
  1547 | D:3      | Gained mutation: You are resistant to electric shocks.
                  | (rElec) [Xom's grace]
  1689 | D:3      | XOM: god gift: runed halberd {god gift}
  1756 | D:3      | XOM: smoke on damage
  1800 | D:3      | XOM: give mutation
  1800 | D:3      | Gained mutation: You are dopey. (Int -2) [Xom's mischief]
  1970 | D:3      | Found a sacrificial altar of Ru.
  2108 | D:4      | Found Vaubralo's Distillery.
  2110 | D:4      | XOM: destruction
  2116 | D:4      | Noticed an orc warrior
  2117 | D:4      | Reached skill level 4 in Fighting
  2117 | D:4      | Reached XP level 5. HP: 35/43 MP: 5/5
  2130 | D:4      | XOM: scenery: create altars
  2130 | D:4      | HP: 2/43 [orc warrior/+0 glaive (14)]
  2133 | D:4      | XOM: enchant monster (bad)
  2147 | D:4      | Xom revived you
  2155 | D:4      | XOM: noise
  2155 | D:4      | Slain by an orc warrior

Illustrated notes

Levels and vault maps discovered:
D:1:      minmay_arrival_hallway, layout_loops_ring
D:2:      layout_rooms, dancing_weapons_uskayaw, first_ration,
          grunt_decor_resistance
D:3:      minmay_angry_zag, layout_basic, nicolae_overflow_hidden_temple,
          kennysheep_vampire_church
D:4:      minmay_diamond_boxcup, layout_basic, kennysheep_little_box,
          serial_shops, shop, nicolae_shop_statue_plus, kennysheep_mini

Skill      XL: |  1  2  3  4 |
---------------+-------------+-----
Long Blades    | 3 |  3.8
Armour         | 2 |  2.5
Dodging        | 1 |  1.5
Fighting       | 4 |  4.0
Polearms       | |  0.3

Action                   |  1- 3 |  4- 6 || total
-------------------------+-------+-------++-------
Melee: Falchion          |    59 |    43 ||   102
       Halberd           |       |    33 ||    33
       Kick              |       |     8 ||     8
  Use: Scroll            |     2 |     7 ||     9
       Potion            |       |     3 ||     3
 Stab: Paralysed         |     1 |       ||     1
       Sleeping          |       |     1 ||     1
  Eat: Ration            |     1 |     2 ||     3
Armor: Leather armour    |    18 |    75 ||    93
Dodge: Dodged            |    42 |    87 ||   129
       Rpst.: Falchion   |    12 |     9 ||    21
